 Dungeon Crawl Stone Soup version 0.26-b1-32-g5d43845318 (webtiles) character file.

Game seed: 9619550275935786383

42581 DearestLeader the Severer (level 13, -2/114 HPs)
             Began as a Minotaur Fighter on Jan 5, 2021.
             Was the Champion of Okawaru.
             Slain by a catoblepas (5 damage)
             ... while petrified by a catoblepas
             ... on level 5 of the Lair of Beasts.
             The game lasted 00:37:55 (19940 turns).

DearestLeader the Severer (Minotaur Fighter)       Turns: 19940, Time: 00:37:56

Health: -2/114     AC: 24    Str: 25    XL:     13   Next: 86%
Magic:  19/19      EV:  2    Int:  5    God:    Okawaru [******]
Gold:   1292       SH:  0    Dex: 14    Spells: 12/12 levels left

rFire    + . .     SeeInvis .   B - +2 war axe (flame)
rCold    + . .     Faith    .   c - +0 kite shield
rNeg     + + +     Spirit   .   H - +3 chain mail {rF+}
rPois    ∞         Reflect  .   R - +2 hat {Will+}
rElec    .         Harm     .   q - +0 cloak {Will+}
rCorr    .         Rampage  .   W - +2 pair of gloves {Dex+3}
Will     ++...                  E - +0 pair of boots (curse)
Stlth    ..........             j - amulet of the acrobat
HPRegen  0.29/turn              y - ring of protection from cold
MPRegen  0.16/turn              I - ring of positive energy

@: petrified
A: retaliatory headbutt, horns 2
a: Renounce Religion, Heroism, Finesse


You were on level 5 of the Lair of Beasts.
You worshipped Okawaru.
Okawaru was exalted by your worship.
You visited 2 branches of the dungeon, and saw 16 of its levels.
You also visited: Ossuary and Volcano.

You collected 1745 gold pieces.
You spent 453 gold pieces at shops.

Inventory:

Hand Weapons
 a - a +1 battleaxe of flaming
 B - a +2 war axe of flaming (weapon)
 O - a +0 hunting sling of flaming
Missiles
 N - 125 sling bullets
Armour
 c - a +0 kite shield (worn)
 q - a +0 cloak of willpower (worn)
 E - a cursed +0 pair of boots (worn)
 H - a +3 chain mail of fire resistance (worn)
 P - a +0 plate armour
 R - a +2 hat of willpower (worn)
 W - a +2 pair of gloves of dexterity (worn)
Jewellery
 j - an amulet of the acrobat (around neck)
 y - a ring of protection from cold (left hand)
 I - a ring of positive energy (right hand)
 M - the ring of Autotheism {Ice Will+}
   (You found it on level 8 of the Dungeon)

   [ring of ice]

   It enhances your ice magic.
   It makes you vulnerable to fire.
   It protects you from cold.
   It affects your willpower, your defense against some magical effects.
 T - a +4 ring of evasion
 V - an uncursed ring of resist corrosion
Wands
 n - a wand of acid (21)
 t - a wand of paralysis (12)
 A - a wand of iceblast (11)
 C - a wand of disintegration (9)
 F - a wand of enslavement (8)
 G - a wand of digging (7)
 K - a wand of random effects (28)
 U - a wand of flame (28)
Scrolls
 i - 8 scrolls of teleportation
 l - 14 scrolls of remove curse
 m - a scroll of silence
 p - 3 scrolls of blinking
 x - 2 scrolls of magic mapping
 z - 6 scrolls of amnesia
 D - 4 scrolls of fog
 L - 2 scrolls of enchant armour
 Q - a scroll of identify
 S - 2 scrolls of fear
 Y - a scroll of enchant weapon
Potions
 b - 3 potions of lignification
 d - 12 potions of might
 e - 17 potions of curing
 f - 3 potions of mutation
 g - 4 potions of haste
 h - 3 potions of attraction {unknown}
 k - 7 potions of heal wounds
 o - 3 potions of brilliance {unknown}
 r - 4 potions of flight {unknown}
 s - 3 potions of berserk rage {unknown}
 u - 6 potions of degeneration {unknown}
 v - a potion of magic {unknown}
 w - 2 potions of resistance
 J - 3 potions of invisibility


   Skills:
 + Level 10.7 Fighting
 - Level 16.3 Axes
 + Level 13.6 Armour
 + Level 5.3 Dodging
 + Level 10.5 Shields
 - Level 10.0 Invocations


You had 12 spell levels left.
You didn't know any spells.
Your spell library contained the following spells:

 Spells                   Type           Power        Failure   Level
 Animate Skeleton         Necr           0%           99%         1
 Apportation              Tloc           0%           99%         1
 Beastly Appendage        Tmut           0%           99%         1
 Corona                   Hex            0%           99%         1
 Foxfire                  Conj/Fire      0%           99%         1
 Magic Dart               Conj           0%           99%         1
 Summon Small Mammal      Summ           0%           99%         1
 Blink                    Tloc           N/A          99%         2
 Call Imp                 Summ           0%           99%         2
 Slow                     Hex            0%           99%         2
 Wereblood                Tmut           0%           99%         2
 Conjure Flame            Conj/Fire      0%           100%        3
 Inner Flame              Hex/Fire       0%           100%        3
 Mephitic Cloud           Conj/Pois/Air  0%           100%        3
 Spider Form              Tmut/Pois      0%           100%        3
 Ice Form                 Ice/Tmut       0%           100%        4
 Sticky Flame             Conj/Fire      0%           100%        4
 Blade Hands              Tmut           0%           100%        5
 Fireball                 Conj/Fire      0%           100%        5
 Malign Gateway           Summ/Tloc      0%           100%        7
 Monstrous Menagerie      Summ           0%           100%        7
 Summon Greater Demon     Summ           0%           100%        7
 Summon Horrible Things   Summ           0%           100%        8


Dungeon Overview and Level Annotations

Branches:
Dungeon (11/15)            Temple (0/1) D:7            Lair (5/6) D:11
  Swamp (0/4) Lair:4       Spider (0/4) Lair:4      Ossuary (visited)
Volcano (visited)
  Slime: Lair:5-6       Orc: D:9-12

Altars:
Ashenzari
Dithmenos
Elyvilon
Fedhas
Kikubaaqudgha
Makhleb
Okawaru
Qazlal
Ru
Sif Muna
Trog
Vehumet
Wu Jian
Xom
Yredelemnul
Zin
The Shining One
Jiyva

Shops:
D:4 }   D:6 *   D:8 [   D:10 =

Annotations:
D:3 2 transporters, Clowwww's ghost, amateur DsNe
D:8 3 runed translucent doors, Richi's ghost, novice GnWr
D:10 2 transporters


Innate Abilities, Weirdness & Mutations

You reflexively headbutt those who attack you in melee.
You have a pair of horns on your head.


Message History

Your shield prevents you from hitting the catoblepas.
The catoblepas is moderately wounded.
You are engulfed in calcifying dust.
Your limbs have turned to stone.
The catoblepas gores you!!
* * * LOW HITPOINT WARNING * * *
You have turned to stone.
You are engulfed in calcifying dust.
The catoblepas breathes a plume of calcifying dust at you.
The blast of calcifying dust hits you but does no damage.
The catoblepas breathes a plume of calcifying dust at you.
The blast of calcifying dust hits you but does no damage.
You are engulfed in calcifying dust.
The catoblepas gores you!
* * * LOW HITPOINT WARNING * * *
You are engulfed in calcifying dust.
The catoblepas gores you!
* * * LOW HITPOINT WARNING * * *
You are engulfed in calcifying dust.
The catoblepas gores you!!
* * * LOW HITPOINT WARNING * * *
The catoblepas barely misses you. The catoblepas gores you!
You die...

##.......#.## .....
#####P......####
.....####...........#
.........#.........##
........#..P..[....P#
.........##.........#
>.........#.........#
...............#.####
.......†..@......#
.....(....Y.....##
.......††........#
.........†......##
....[.....††...####
......P...†.......####
........#...†.....P..#
).....#......P......P#
#...........P#.#......#


You could see a catoblepas.

Vanquished Creatures
  Gastronok (Lair:2)
  A fire dragon (Lair:4)
  Harold (D:8)
  2 hydras
  2 two-headed ogres
  Erica (D:8)
  Sonja (Lair:2)
  A hell knight (Volcano)
  Pikel (D:7)
  An obsidian statue (Volcano)
  A necromancer (Lair:4)
  An oklob plant (Lair:3)
  4 black mambas
  12 elephants (Lair:3)
  Maurice (D:9)
  Joseph (D:8)
  Maggie (D:7)
  A smoke demon (Volcano)
  A torpor snail (Lair:5)
  8 cane toads
  6 rime drakes
  13 komodo dragons
  A red devil (Volcano)
  A polar bear (Lair:1)
  A troll (D:10)
  A jumping spider (Lair:4)
  14 blink frogs
  A redback (Lair:4)
  23 yaks
  3 wyverns
  9 fire bats
  3 basilisks
  9 steam dragons (Lair:4)
  Edmund (D:5)
  10 water moccasins
  A hell hound (Volcano)
  An ice beast (D:9)
  2 sky beasts
  A black bear (D:8)
  2 orc warriors
  2 elephant zombies (Lair:4)
  6 ogres
  10 wolves (Lair:2)
  3 centaurs
  A big kobold (D:10)
  7 elf zombies (Ossuary)
  17 bullfrogs
  A komodo dragon zombie (Lair:4)
  A wyvern zombie (D:10)
  A gnoll sergeant (D:5)
  22 wights
  3 scorpions
  5 killer bees (D:11)
  4 electric eels
  A howler monkey (D:5)
  2 quasits (D:10)
  2 bullfrog zombies
  4 centaur zombies
  2 hounds
  6 lava snakes (Volcano)
  5 orc priests
  5 jellies
  2 centaur skeletons
  3 bullfrog skeletons
  2 human zombies (Ossuary)
  5 orc wizards
  Crazy Yiuf (D:2)
  Jessica (D:3)
  7 iguanas
  10 worker ants
  A hound zombie (D:10)
  2 hound skeletons
  3 mummies (Ossuary)
  Robin (D:3)
  6 gnolls (D:5)
  12 adders
  2 shadow imps (D:9)
  3 white imps
  An ooze (D:1)
  An ufetubus (D:8)
  3 adder zombies
  3 worms
  A dart slug (D:1)
  7 leopard geckos
  39 orcs
  5 giant cockroaches
  7 hobgoblins
  12 jackals
  8 quokkas
  4 ball pythons
  6 bats
  3 frilled lizards
  15 goblins
  A goblin zombie (D:6)
  2 jackal skeletons
  15 kobolds
  7 rats
  2 rat zombies (D:6)
459 creatures vanquished.

Vanquished Creatures (others)
  A rime drake (Lair:4)
  44 fungi
  36 plants
  4 toadstools (D:1)
85 creatures vanquished.

Grand Total: 544 creatures vanquished

Notes
Turn   | Place    | Note
-------+----------+-------------------------------------------
     0 | D:1      | DearestLeader the Minotaur Fighter began the quest for the
                  | Orb.
     0 | D:1      | Reached XP level 1. HP: 19/19 MP: 0/0
   206 | D:1      | Reached skill level 3 in Axes
   225 | D:1      | Reached XP level 2. HP: 26/26 MP: 1/1
   980 | D:2      | Reached XP level 3. HP: 31/31 MP: 2/2
  1027 | D:2      | Found a broken altar of Ashenzari.
  1121 | D:2      | Found a runed translucent door.
  1122 | D:2      | Noticed Crazy Yiuf
  1276 | D:2      | Reached skill level 4 in Axes
  1450 | D:2      | Reached XP level 4. HP: 39/39 MP: 3/3
  1649 | D:2      | Killed Crazy Yiuf
  1752 | D:3      | Noticed Jessica
  1758 | D:3      | Killed Jessica
  1816 | D:3      | Found a sacrificial altar of Ru.
  1856 | D:3      | Reached XP level 5. HP: 38/45 MP: 4/4
  1964 | D:3      | Found a transporter.
  1974 | D:3      | Noticed Clowwww's ghost (amateur DsNe)
  2051 | D:3      | Reached skill level 5 in Axes
  2220 | D:3      | Noticed Robin
  2233 | D:3      | Killed Robin
  2234 | D:3      | Reached skill level 5 in Armour
  2343 | D:3      | Found an iron altar of Okawaru.
  2345 | D:3      | Found a shimmering altar of Xom.
  2345 | D:3      | Found a burning altar of Makhleb.
  2349 | D:3      | Found a bloodstained altar of Trog.
  2349 | D:3      | Found a burning altar of Makhleb.
  2349 | D:3      | Found a glowing silver altar of Zin.
  2437 | D:3      | Found a transporter.
  2487 | D:3      | Found an ornate altar of the Wu Jian Council.
  2525 | D:3      | Found a faded altar of an unknown god.
  2622 | D:3      | Found an iron altar of Okawaru.
  2672 | D:3      | Became a worshipper of Warmaster Okawaru
  2766 | D:3      | Reached XP level 6. HP: 5/51 MP: 5/5
  3087 | D:4      | Reached skill level 6 in Axes
  3087 | D:4      | Reached skill level 5 in Shields
  3197 | D:4      | Reached XP level 7. HP: 60/60 MP: 6/6
  3203 | D:4      | Reached skill level 7 in Axes
  3241 | D:4      | Reached * piety under Okawaru
  3259 | D:4      | Found Hutareul's Gadget Boutique.
  3654 | D:4      | Found a glowing golden altar of the Shining One.
  3738 | D:5      | Entered Level 5 of the Dungeon
  3785 | D:5      | Reached skill level 5 in Fighting
  3861 | D:5      | Reached skill level 8 in Axes
  3882 | D:5      | Noticed Edmund
  3908 | D:5      | Killed Edmund
  3909 | D:5      | Reached XP level 8. HP: 16/68 MP: 7/7
  4283 | D:5      | Reached skill level 9 in Axes
  4401 | D:5      | Reached ** piety under Okawaru
  4561 | D:5      | Found a shadowy altar of Dithmenos.
  4564 | D:5      | Found an ancient bone altar of Kikubaaqudgha.
  4567 | D:5      | Found a glowing silver altar of Zin.
  4654 | D:5      | Found a shimmering blue altar of Sif Muna.
  4752 | D:6      | Found a sand-covered staircase.
  4759 | Ossuary  | Entered an ossuary
  4940 | Ossuary  | Reached skill level 10 in Axes
  5066 | Ossuary  | Reached XP level 9. HP: 58/74 MP: 8/8
  5318 | D:6      | Reached skill level 11 in Axes
  5598 | D:6      | Found Munesetsapu's General Store.
  5609 | D:6      | Bought a potion of heal wounds for 60 gold pieces
  5609 | D:6      | Bought a potion of heal wounds for 60 gold pieces
  5942 | D:7      | Noticed Maggie
  5956 | D:7      | Killed Maggie
  5956 | D:7      | Reached *** piety under Okawaru
  5957 | D:7      | Reached skill level 1 in Invocations
  6122 | D:7      | Found a staircase to the Ecumenical Temple.
  6320 | D:7      | Noticed Pikel
  6340 | D:7      | Killed Pikel
  6340 | D:7      | Reached **** piety under Okawaru
  6341 | D:7      | Reached skill level 12 in Axes
  6700 | D:7      | Found a white marble altar of Elyvilon.
  7196 | D:7      | Found a stormy altar of Qazlal.
  7295 | D:7      | Found a basalt altar of Yredelemnul.
  7480 | D:8      | Noticed Joseph
  7492 | D:8      | Killed Joseph
  7493 | D:8      | Reached XP level 10. HP: 49/81 MP: 11/11
  7657 | D:8      | Reached skill level 10 in Armour
  7703 | D:8      | Reached skill level 13 in Axes
  7784 | D:8      | Got a fine jade ring
  7786 | D:8      | Identified the ring of Autotheism {Ice Will+} (You found it
                  | on level 8 of the Dungeon)
  7936 | D:8      | Found Beyrr's Antique Armour Shoppe.
  7945 | D:8      | Bought a pair of embroidered boots for 172 gold pieces
  7945 | D:8      | Bought a runed hat for 161 gold pieces
  8077 | D:8      | Noticed Erica
  8091 | D:8      | Killed Erica
  8091 | D:8      | Reached ***** piety under Okawaru
  8106 | D:8      | HP: 4/81 [poisoned by Erica (bolt of poison)]
  8114 | D:8      | HP: 4/81 [poisoned by Erica (bolt of poison)]
  8122 | D:8      | HP: 4/81 [poisoned by Erica (bolt of poison)]
  8635 | D:8      | Found a runed translucent gate.
  8635 | D:8      | Found a runed translucent gate.
  8635 | D:8      | Found a runed translucent gate.
  8639 | D:8      | Noticed Harold
  8662 | D:8      | Killed Harold
  8803 | D:8      | Noticed Richi's ghost (novice GnWr)
  9321 | D:8      | Found a viscous altar of Jiyva.
  9334 | D:9      | Found a blossoming altar of Fedhas.
  9441 | D:9      | Noticed Maurice
  9453 | D:9      | Killed Maurice
  9454 | D:9      | Reached skill level 5 in Invocations
  9568 | D:9      | Noticed a two-headed ogre
  9575 | D:9      | Killed a two-headed ogre
  9576 | D:9      | Reached skill level 14 in Axes
 10274 | D:10     | Entered Level 10 of the Dungeon
 10329 | D:10     | Found a transporter.
 10330 | D:10     | Found a transporter.
 10363 | D:10     | Reached XP level 11. HP: 89/89 MP: 14/14
 10419 | D:10     | Noticed a boulder beetle
 10490 | D:10     | Found Erche's Jewellery Emporium.
 10654 | D:10     | Received a gift from Okawaru
 10657 | D:10     | Got a pitted hand axe {god gift}
 10657 | D:10     | Identified the +6 hand axe of Hubris {flame, *Rage Str+4
                  | Int+4} (Okawaru gifted it to you on level 10 of the
                  | Dungeon)
 11123 | D:10     | Noticed a two-headed ogre
 11129 | D:10     | Killed a two-headed ogre
 11827 | D:11     | Received a gift from Okawaru
 12252 | D:11     | Found a staircase to the Lair.
 12256 | Lair:1   | Entered Level 1 of the Lair of Beasts
 12418 | Lair:1   | Reached skill level 15 in Axes
 13761 | Lair:2   | Received a gift from Okawaru
 13765 | Lair:2   | Reached ****** piety under Okawaru
 13769 | Lair:2   | Found a dark tunnel.
 13790 | Volcano  | Entered a volcano
 13882 | Volcano  | Reached XP level 12. HP: 75/101 MP: 16/16
 14368 | Volcano  | Found a burning altar of Makhleb.
 14807 | Lair:2   | Noticed Gastronok
 14836 | Lair:2   | Killed Gastronok
 14836 | Lair:2   | Received a gift from Okawaru
 14837 | Lair:2   | Reached skill level 16 in Axes
 15096 | Lair:2   | Noticed a six-headed hydra
 15104 | Lair:2   | Killed a two-headed hydra
 15546 | Lair:2   | Noticed Sonja
 15553 | Lair:2   | Killed Sonja
 15775 | Lair:2   | Reached skill level 1 in Dodging
 16694 | Lair:3   | Reached XP level 13. HP: 78/111 MP: 18/18
 16818 | Lair:3   | Found a radiant altar of Vehumet.
 16858 | Lair:3   | Got a steaming ivory ring
 17492 | Lair:3   | Identified the ring "Ificuts Soim" {*Contam Str+5 Int+6}
                  | (You found it on level 3 of the Lair of Beasts)
 17989 | Lair:4   | Reached skill level 10 in Fighting
 18146 | Lair:4   | Received a gift from Okawaru
 18173 | Lair:4   | Noticed a fire dragon
 18201 | Lair:4   | Reached skill level 10 in Shields
 18972 | Lair:4   | Killed a fire dragon
 19206 | Lair:4   | Found a hole to the Spider Nest.
 19454 | Lair:4   | Reached skill level 5 in Dodging
 19512 | Lair:4   | Found a staircase to the Swamp.
 19864 | Lair:5   | Reached skill level 10 in Invocations
 19938 | Lair:5   | HP: 2/114 [catoblepas (10)]
 19940 | Lair:5   | Slain by a catoblepas

Illustrated notes

Levels and vault maps discovered:
D:1:      ldierk_walled_garden_2, layout_basic
D:2:      layout_loops_ring, nicolae_ashenzari_panopticon,
          uniq_crazy_yiuf_cottage
D:3:      kennysheep_six_static_rooms, layout_rooms,
          nicolae_ru_great_annihilating_truth, doesnt_xom_only_xom,
          lemuel_doored_altar, lemuel_crystal_altar,
          gammafunk_ghost_gnarly_gnolls, chequers_ecumenical_altar_island,
          serial_curves, eino_curves_03, eino_curves_02, uniq_jessica,
          uniq_robin
D:4:      layout_cave_pools, kennysheep_mini, serial_shops, shop,
          hangedman_decor_push, hangedman_decor_points
D:5:      layout_basic, led_sif_pool, grunt_temple_overflow_diamond, uniq_edmund
D:6:      layout_loops_ring, serial_shops, nicolae_shop_crystal,
          enter_ossuary_3, minmay_misc_feat_rows, minivault_26, minivault_23,
          corexii_item_surrounded_by_moat, nrook_loot_triangle
D:7:      layout_loops_ring, kennysheep_ying_yang,
          minmay_temple_entry_drinking_statues,
          nicolae_qazlal_general_emergency, uniq_pikel, uniq_maggie
D:8:      layout_basic, gammafunk_ghost_ooze, serial_shops, shop, serial_curves,
          eino_curves_03, eino_curves_02, eino_curves_04, eino_curves_01,
          uniq_erica, uniq_joseph, uniq_harold
D:9:      cheibrodos_elevator_heist, layout_irregular_city, fedhas_altar_3,
          uniq_maurice
D:10:     gammafunk_boulding_lane, layout_rooms, serial_shops, shop
D:11:     layout_loops_cross, lair_entry_dummy
Lair:1:   layout_cellular_growth
Lair:2:   beast_lair_carwin_large_3, layout_layer_cave,
          nicolae_volcano_entry_batcave, ldierk_geyser, serial_bayou_shore_b,
          serial_bayou_shore_b, uniq_gastronok, uniq_sonja
Lair:3:   layout_cave_pods, basic_altar, infiniplex_staircase_pool,
          grunt_megastairs_5
Lair:4:   pond_and_an_island_with_a_cottage, layout_regular_city,
          swamp_mist_pool, spider_nest_entry_a, small_statue_intersection,
          bobbens_dragon_lair_wall
Lair:5:   layout_hall_layers, hangedman_lair_generics_rect

Skill      XL: |  1  2  3  4  5  6  7  8  9 10 11 12 13 |
---------------+----------------------------------------+-----
Axes           | 3 4 5 6 8 10 12 14 15 16 | 16.3
Armour         | 4 5 6 8 9 10 11 12 13 | 13.6
Shields        | 4 5 7 9 10 | 10.5
Fighting       | 4 5 6 7 9 10 | 10.7
Invocations    | 3 5 6 8 10 | 10.0
Dodging        | 2 5 |  5.3

Action                   |  1- 3 |  4- 6 |  7- 9 | 10-12 | 13-15 || total
-------------------------+-------+-------+-------+-------+-------++-------
Melee: War axe           |    77 |   117 |    98 |   590 |   280 ||  1162
       Headbutt          |    11 |    19 |    76 |   119 |    70 ||   295
       Hand axe          |       |    25 |   248 |    23 |       ||   296
 Fire: Hunting sling     |       |       |       |       |     1 ||     1
Throw: Dart              |       |       |       |     9 |       ||     9
Invok: Heroism           |       |       |       |     2 |       ||     2
       Finesse           |       |       |       |     2 |       ||     2
  Use: Scroll            |     4 |       |     7 |    10 |     4 ||    25
       Potion            |       |     1 |       |     2 |       ||     3
 Stab: Paralysed         |       |     1 |       |       |       ||     1
Armor: Scale mail        |    16 |       |    55 |   134 |       ||   205
       Chain mail        |    20 |    98 |    21 |    56 |   102 ||   297
Dodge: Dodged            |    35 |    52 |    73 |   173 |    99 ||   432
Block: Kite shield       |    49 |    84 |   111 |   312 |   141 ||   697
